 Dungeon Crawl Stone Soup version 0.20-a0-901-g27f6fa8 (webtiles) character file.

4458 Hook the Fighter (level 10, -13/84 HPs)
             Began as a Demonspawn Gladiator on Mar 19, 2017.
             Was a Priest of Wu Jian.
             Killed from afar by Erica (27 damage)
             ... with a bolt of poison
             ... on level 8 of the Dungeon.
             The game lasted 00:42:40 (10090 turns).

Hook the Fighter (Demonspawn Gladiator)            Turns: 10090, Time: 00:42:41

Health: -13/84     AC:  6    Str: 18    XL:     10   Next: 15%
Magic:  10/10      EV: 16    Int:  9    God:    Wu Jian [***...]
Gold:   394        SH:  6    Dex: 15    Spells: 9/9 levels left

rFire    . . .     SeeInvis .   a - +0 quarterstaff
rCold    + . .     Gourm    .   w - +0 leather armour
rNeg     . . .     Faith    .   (shield currently unavailable)
rPois    .         Spirit   .   c - +1 helmet
rElec    .         Reflect  .   (no cloak)
rCorr    .         Harm     .   s - +0 pair of gloves
MR       .....                  (no boots)
Stlth    +.........             h - amulet of magic regeneration
Regen    0.3/turn               (no ring)
MPRegen  0.2/turn               m - ring of protection from cold

@: lethally poisoned (-13 -> -28), very slightly contaminated, slowed, very slow
A: hooves 1, large bone plates 2, spiny 1, rot immunity
a: Renounce Religion


You were on level 8 of the Dungeon.
You worshipped Wu Jian.
Wu Jian was most pleased with you.
You were not hungry.

You visited 1 branch of the dungeon, and saw 8 of its levels.

You collected 394 gold pieces.

Inventory:

Hand Weapons
 a - a +0 quarterstaff (weapon)
 t - a +0 hand crossbow
Missiles
 P - 8 javelins (quivered)
Armour
 b - a +0 leather armour
 c - a +1 helmet (worn)
 s - a +0 pair of gloves (worn)
 w - a +0 leather armour (worn)
Magical Staves
 J - an uncursed staff of wizardry
Jewellery
 h - an amulet of magic regeneration (around neck)
 l - a cursed ring of loudness {unknown}
 m - a ring of protection from cold (left hand)
 B - an uncursed ring of magical power
 D - a cursed ring of teleportation
Wands
 v - a wand of paralysis (10/24)
 E - a wand of flame (22/48)
Scrolls
 e - 5 scrolls of identify
 i - a scroll of enchant armour
 x - a scroll of immolation {unknown}
 y - a scroll of amnesia
 A - 5 scrolls of teleportation {unknown}
 F - a scroll of blinking
 G - 2 scrolls of remove curse
 H - a scroll of fog {unknown}
 I - a scroll of random uselessness {unknown}
 K - a scroll of magic mapping {unknown}
 L - a scroll of recharging {unknown}
Potions
 d - a potion of might
 g - a potion of invisibility {unknown}
 j - 3 potions of heal wounds {unknown}
 n - 3 potions of agility {unknown}
 o - a potion of brilliance {unknown}
 p - 2 potions of haste {unknown}
 q - 2 potions of magic {unknown}
 r - a potion of curing {unknown}
 u - 4 potions of degeneration {unknown}
Books
 C - a book of Minor Magic

   Spells                             Type                      Level
   a - Magic Dart                     Conjuration                  1
   b - Blink                          Translocation                2
   c - Call Imp                       Summoning                    2
   d - Slow                           Hexes                        2
   e - Conjure Flame                  Conjuration/Fire             3
   f - Mephitic Cloud                 Conjuration/Poison/Air       3
Comestibles
 f - 10 bread rations
 k - 3 royal jellies
 z - 7 fruits
 M - 3 chunks of flesh


   Skills:
 + Level 9.6 Fighting
 * Level 6.5 Staves
 - Level 4.0 Throwing
 - Level 4.1 Armour
 + Level 7.0 Dodging


You had 9 spell levels left.
You didn't know any spells.

Dungeon Overview and Level Annotations

Branches:
Dungeon (8/15)             Temple (0/1) D:5
   Lair: D:8-11

Altars:
Fedhas
Gozag
Kikubaaqudgha
Makhleb
Okawaru
Ru
Trog
Vehumet
Wu Jian
Xom
Yredelemnul
The Shining One

Shops:
D:6 (

Annotations:
D:8 Erica


Innate Abilities, Weirdness & Mutations

You have large cloven feet.
You are mostly covered in large bone plates. (SH +6)
You are partially covered in sharp spines.
You are immune to rotting.


Message History

* * * LOW HITPOINT WARNING * * *
Erica burns you.
* * * LOW HITPOINT WARNING * * *
Blink to where?
Press: ? - help, Dir - move target cursor, p - Erica You are very lightly contaminated with residual magic.
As you read the scroll of blinking, it crumbles to dust.
You feel sick.
As you close the door, it creaks loudly!
You feel sick.
You feel sick.
You feel sick.
Erica opens the door.
You feel sick.
Erica says, "I'm so much better than you."
You feel sick. Erica gestures at you while chanting.
The bolt of poison hits you!
You are lethally poisoned!
You die...

<# ########.# .# #........# .#
#.######.# .# #.# #.# .# #.# #.#
.# #.# #.# ########### .#####.#
#.# #........[# .......#
#.#########.........#
#############...@....@'.....@....
#.............#########.........#
........>.............###########
...#####.####.#.......##
....#.##.# #.#........#
......##.# #.#........##
.#..#.##.# #.#.........#
......##.# #.#.......#.#
.........####.##........##


You could see Erica.

Vanquished Creatures
  Prince Ribbit (D:6)
  A spriggan (D:7)
  5 yaks
  A water moccasin (D:8)
  An orc warrior (D:6)
  A sky beast (D:5)
  3 phantoms
  6 ogres
  3 centaurs
  A big kobold (D:7)
  10 bullfrogs
  3 scorpions
  3 wights (D:6)
  3 howler monkeys
  2 crimson imps
  2 hounds
  A bullfrog zombie (D:7)
  4 orc priests
  7 orc wizards
  A bullfrog skeleton (D:7)
  An iguana (D:4)
  7 worker ants
  A hound zombie (D:7)
  2 worker ant zombies
  7 adders
  3 shadow imps (D:5)
  6 oozes
  An adder skeleton (D:5)
  6 worms
  2 dart slugs
  7 leopard geckos
  25 orcs
  5 giant cockroaches
  8 goblins
  8 hobgoblins
  8 jackals
  7 quokkas
  5 ball pythons
  7 bats
  12 frilled lizards
  10 kobolds
  A quokka skeleton (D:7)
  3 rats
201 creatures vanquished.

Notes
Turn   | Place    | Note
-------+----------+-------------------------------------------
     0 | D:1      | Hook the Demonspawn Gladiator began the quest for the Orb.
     0 | D:1      | Reached XP level 1. HP: 16/16 MP: 1/1
   350 | D:1      | Gained mutation: You are partially covered in large bone plates. (SH +4) [demonic ancestry]
   350 | D:1      | Reached XP level 2. HP: 22/23 MP: 2/2
   660 | D:1      | Reached XP level 3. HP: 28/28 MP: 3/3
  1135 | D:2      | Reached skill level 3 in Fighting
  1263 | D:2      | Found an ornate altar of the Wu Jian Council.
  1281 | D:2      | Became a worshipper of the Wu Jian Council
  1368 | D:2      | Found a glowing golden altar of the Shining One.
  1373 | D:2      | Found a basalt altar of Yredelemnul.
  1375 | D:2      | Noticed a profane servitor
  1451 | D:2      | Reached XP level 4. HP: 33/35 MP: 4/4
  2059 | D:2      | Noticed an angel
  2136 | D:3      | Reached * piety under Wu Jian
  2975 | D:3      | Reached skill level 1 in Armour
  2975 | D:3      | Gained mutation: You are mostly covered in large bone plates. (SH +6) [demonic ancestry]
  2975 | D:3      | Reached XP level 5. HP: 21/42 MP: 5/5
  3292 | D:3      | Reached skill level 4 in Fighting
  3490 | D:3      | Reached XP level 6. HP: 39/49 MP: 6/6
  3979 | D:4      | Reached ** piety under Wu Jian
  4256 | D:4      | Reached skill level 5 in Fighting
  4418 | D:4      | Found an iron altar of Okawaru.
  4612 | D:4      | Reached XP level 7. HP: 45/56 MP: 7/7
  4776 | D:4      | Found a radiant altar of Vehumet.
  5151 | D:5      | Entered Level 5 of the Dungeon
  5151 | D:5      | Found an opulent altar of Gozag.
  5620 | D:5      | Reached skill level 6 in Fighting
  5878 | D:5      | Found a staircase to the Ecumenical Temple.
  6001 | D:5      | Found a burning altar of Makhleb.
  6128 | D:5      | Found a sacrificial altar of Ru.
  6250 | D:5      | Gained mutation: You are partially covered in sharp spines. [demonic ancestry]
  6250 | D:5      | Reached XP level 8. HP: 64/64 MP: 8/8
  6713 | D:6      | Reached skill level 5 in Dodging
  6751 | D:6      | Found a shimmering altar of Xom.
  7122 | D:6      | Reached skill level 7 in Fighting
  7136 | D:6      | Reached skill level 5 in Staves
  7384 | D:6      | Found an ancient bone altar of Kikubaaqudgha.
  7399 | D:6      | Found a blossoming altar of Fedhas.
  7461 | D:6      | Gained mutation: You have large cloven feet. [demonic ancestry]
  7461 | D:6      | Reached XP level 9. HP: 72/72 MP: 9/9
  7473 | D:6      | Reached *** piety under Wu Jian
  7601 | D:6      | Found Omnixzoik's Weapon Emporium.
  7604 | D:6      | Noticed Prince Ribbit
  7629 | D:6      | Killed Prince Ribbit
  8096 | D:6      | Reached skill level 8 in Fighting
  8650 | D:6      | Reached skill level 9 in Fighting
  9192 | D:7      | Gained mutation: You are immune to rotting. [demonic ancestry]
  9192 | D:7      | Reached XP level 10. HP: 80/83 MP: 10/10
  9473 | D:7      | Found a bloodstained altar of Trog.
 10067 | D:8      | Noticed Erica
 10090 | D:8      | Killed from afar by Erica

Vault maps used:
D:1:      scummos_arrival_checkerplants, minmay_pentomino_q4
D:2:      kennysheep_big_flooded_room, grunt_temple_overflow_holy_war,
          lemuel_crystal_altar, first_bread, kennysheep_nondescript,
          minmay_misc_feat_nine_boxes
D:3:      columned_hall_lemuel
D:4:      kennysheep_spiral_hall, overflow_temple_1_default,
          vehumet_altar_wand_db
D:5:      nicolae_ru_sacrificial_ziggurat, nicolae_overflow_crystal_walls,
          minmay_temple_entry_overgrown, makhleb_blood_cavern_becter
D:6:      grunt_temple_overflow_growth_and_decay, lemuel_doored_altar,
          serial_shops, nicolae_shop_trees, portal_sewer_entry_b,
          uniq_prince_ribbit1
D:7:      bloody_trog, the_bakery
D:8:      serial_shops, shop, uniq_erica, uniq_pikel

Skill      XL: |  1  2  3  4  5  6  7  8  9 10 |
---------------+-------------------------------+-----
Staves         | 3 4 5 6 |  6.5
Dodging        | 3 4 5 6 7 |  7.0
Fighting       | 3 4 5 6 7 9 |  9.6
Armour         | 1 2 3 4 |  4.1
Throwing       | 2 3 4 |  4.0

Action                   |  1- 3 |  4- 6 |  7- 9 | 10-12 || total
-------------------------+-------+-------+-------+-------++-------
Melee: Quarterstaff      |   122 |   175 |   319 |    41 ||   657
       Kick              |       |       |    34 |    10 ||    44
Throw: Throwing net      |     1 |     2 |       |       ||     3
       Javelin           |       |    11 |    61 |    13 ||    85
       Stone             |       |     4 |       |       ||     4
       Tomahawk          |       |       |    37 |     1 ||    38
  Use: Scroll            |     2 |     5 |     5 |     1 ||    13
       Potion            |       |       |     2 |       ||     2
 Stab: Sleeping          |     2 |     3 |       |       ||     5
       Held in net/web   |     1 |       |       |       ||     1
       Distracted        |       |     1 |       |       ||     1
  Eat: Chunk             |     2 |    10 |    11 |       ||    23
       Fruit             |       |       |     2 |       ||     2
       Royal jelly       |       |       |     1 |       ||     1
       Meat ration       |       |       |       |     1 ||     1
Armor: Leather armour    |    48 |    29 |    37 |     5 ||   119
Dodge: Dodged            |    83 |    73 |   142 |    19 ||   317
Block: Other             |    15 |    41 |    87 |    10 ||   153
